 Dungeon Crawl Stone Soup version 0.18.1-50-g88ac8fd (webtiles) character file.

158 lorenzova the Charmwright (level 5, -7/38 HPs)
             Began as a Merfolk Skald on Oct 18, 2016.
             Killed by nerve-wracking pain
             ... invoked by an orc priest
              (9 damage)
             ... on level 3 of the Dungeon.
             The game lasted 00:03:22 (2656 turns).

lorenzova the Charmwright (Merfolk Skald)           Turns: 2656, Time: 00:03:23

Health: -7/38      AC:  6    Str: 16    XL:     5   Next: 39%
Magic:  5/9        EV: 13    Int: 12    God:
Gold:   125        SH:  0    Dex: 13    Spells: 2 memorised, 6 levels left

rFire  . . .     SeeInvis .     a - +0 spear
rCold  . . .     Gourm    .     b - +0 leather armour
rNeg   . . .     Faith    .     (no shield)
rPois  .         Spirit   .     f - +0 helmet
rElec  .         Dismiss  .     (no cloak)
rCorr  .         Reflect  .     o - +0 pair of gloves {Str+3}
SustAt .         Harm     .     h - +0 pair of boots
MR     .....                    (no amulet)
Stlth  +.........               (no ring)
                                (no ring)

@: infused, not resistant to hostile enchantments, very unstealthy
A: change form in water, swift swim
a: no special abilities


You were on level 3 of the Dungeon.
You were hungry.

You visited 1 branch of the dungeon, and saw 3 of its levels.

You collected 125 gold pieces.

Inventory:

Hand Weapons
 a - a +0 spear (weapon)
Armour
 b - a +0 leather armour (worn)
 f - a +0 helmet (worn)
 h - a +0 pair of boots (worn)
 o - a +0 pair of gloves of strength (worn)
Jewellery
 e - an uncursed ring of fire
Scrolls
 g - a scroll of remove curse {unknown}
 j - 3 scrolls of identify {unknown}
 m - 2 scrolls of magic mapping {unknown}
 p - a scroll of enchant armour {unknown}
 t - a scroll of random uselessness {unknown}
Potions
 l - a potion of brilliance {unknown}
 n - 2 potions of curing {unknown}
 q - a potion of magic {unknown}
 r - a potion of ambrosia {unknown}
 u - a potion of degeneration {unknown}
 w - a potion of heal wounds {unknown}
Books
 c - a book of Battle

   Spells                             Type                      Level
   a - Infusion                       Charms                       1
   b - Shroud of Golubria             Charms/Translocation         2
   c - Song of Slaying                Charms                       2
   d - Spectral Weapon                Hexes/Charms                 3
   e - Regeneration                   Charms/Necromancy            3
 s - a book of Flames

   Spells                             Type                      Level
   a - Flame Tongue                   Conjuration/Fire             1
   b - Throw Flame                    Conjuration/Fire             2
   c - Conjure Flame                  Conjuration/Fire             3
   d - Inner Flame                    Hexes/Fire                   3
   e - Sticky Flame                   Conjuration/Fire             4
   f - Fireball                       Conjuration/Fire             5
Comestibles
 d - a bread ration
 i - a slice of pizza
 k - a meat ration
 v - 3 fruits


   Skills:
 - Level 2.1 Fighting
 + Level 4.4 Polearms
 - Level 0.6 Armour
 + Level 3.4 Dodging
 + Level 2.8 Spellcasting
 + Level 4.6 Charms


You had 6 spell levels left.
You knew the following spells:

 Your Spells              Type           Power        Failure   Level  Hunger
a - Infusion              Chrm           ##..         6%          1    #......
b - Song of Slaying       Chrm           ##......     10%         2    ###....


Dungeon Overview and Level Annotations

Branches:
Dungeon (3/15)

Altars:
Elyvilon

Annotations:
D:3 sdOOK's ghost, amateur MiGl


Message History

You hit the orc priest but do no damage.
The orc priest is severely wounded.
The orc priest misses you.
You hit the orc priest but do no damage.
The orc priest is severely wounded.
You closely miss the orc priest.
The orc priest is severely wounded.
The orc priest hits you with a flail.
You hit the orc priest.
The orc priest is almost dead.
The orc priest calls down the wrath of Beogh upon you.
Beogh smites you!
The orc priest calls down the wrath of Beogh upon you.
Beogh smites you!
* * * LOW HITPOINT WARNING * * *
You hit the orc priest.
You kill the orc priest!
The orc priest calls down the wrath of Beogh upon you.
Pain shoots through your body!
You die...

#.# #..>.......## #.#
#####.......###
#.#######.........##
####.##.....>.....##..#
#..#.##.####.#....###..
##....#.# #..#....####.
###....###..#.....####
#.#.))o..........###
#.#@####.......#....
#...# .........#....
#..#...##....#....#.
#....####....#...#_#
#....# #......#..#.
...#.# ##...###....
..###.# ##......##.#.
#.. .. #.....#....##
#.. #. #.#†####..##


You could see an orc priest.

Vanquished Creatures
  A crimson imp (D:3)
  An orc priest (D:3)
  An orc wizard (D:3)
  An adder (D:3)
  An ooze (D:3)
  A worm (D:2)
  A dart slug (D:1)
  A giant gecko (D:3)
  3 orcs (D:3)
  2 bats (D:1)
  6 giant cockroaches
  4 goblins
  7 hobgoblins
  2 quokkas
  A ball python (D:1)
  3 giant newts
  5 kobolds
  4 rats
45 creatures vanquished.

Notes
Turn   | Place    | Note
--------------------------------------------------------------
     0 | D:1      | lorenzova the Merfolk Skald began the quest for the Orb.
     0 | D:1      | Reached XP level 1. HP: 16/16 MP: 3/3
    88 | D:1      | Reached XP level 2. HP: 5/22 MP: 5/5
   324 | D:1      | Learned a level 2 spell: Song of Slaying
   791 | D:1      | Reached XP level 3. HP: 25/27 MP: 6/6
  2103 | D:3      | Reached XP level 4. HP: 32/33 MP: 2/7
  2174 | D:3      | Found a white marble altar of Elyvilon.
  2201 | D:3      | Found a faded altar to an unknown god.
  2454 | D:3      | Noticed sdOOK's ghost (amateur MiGl)
  2559 | D:3      | Reached XP level 5. HP: 21/38 MP: 2/9
  2656 | D:3      | Killed from afar by an orc priest

Skill      XL: |  1  2  3  4 |
---------------+-------------+-----
Dodging        | 2 3 |  3.4
Charms         | 4 |  4.6
Polearms       | 4 |  4.4
Fighting       | |  2.1
Armour         | |  0.6
Spellcasting   | |  2.8

Action                   |  1- 3 |  4- 6 || total
-------------------------+-------+-------++-------
Melee: Spear             |   214 |    69 ||   283
 Cast: Infusion          |     3 |     3 ||     6
  Eat: Meat ration       |     1 |       ||     1
Armor: Leather armour    |    49 |    14 ||    63
Dodge: Dodged            |   100 |    24 ||   124
